 Dungeon Crawl Stone Soup version 0.21.1-72-gffa868e (webtiles) character file.

569492 nicolaieve the Slayer (level 25, 0/249 HPs)
             Began as a Minotaur Berserker on Aug 4, 2018.
             Was the Champion of Trog.
             Killed from afar by an orb of fire (21 damage)
             ... with a bolt of fire
             ... on level 1 of the Realm of Zot on Aug 5, 2018.
             The game lasted 05:40:56 (50778 turns).

nicolaieve the Slayer (Minotaur Berserker)         Turns: 50778, Time: 05:40:57

Health: 0/249      AC: 32    Str: 36    XL:     25   Next: 59%
Magic:  25/25      EV: 33    Int:  0    God:    Trog [******]
Gold:   5593       SH: 37    Dex: 24    Spells: 24/24 levels left

rFire    + + .     SeeInvis +   s - +9 demon whip (elec)
rCold    + + .     Gourm    .   S - +8 large shield
rNeg     + . .     Faith    +   l - +1 gold dragon scales
rPois    +         Spirit   .   Q - +2 hat
rElec    +         Reflect  .   J - +1 cloak
rCorr    +         Harm     .   g - +0 pair of gloves
MR       +++..     Rnd*Rage +   X - -2 pair of boots of the Seven Tables {Regen+ Str+7 Dex-3 Slay+6} Stlth ..........Rnd*Tele +
                                U - amulet of faith
HPRegen  1.00/turn              u - ring of see invisible
MPRegen  0.19/turn              K - ring "Gismaxir" {rN+ Dex+6 Slay+5}

@: mighty, agile, resistant, berserk cooldown, very slightly contaminated,
regenerating, slowed, lost intelligence, invisible, very slow
A: retaliatory headbutt, horns 2, talons 1, berserk 2, blurry vision 1, clumsy
1, deterioration 2, dopey 2, inhibited regeneration, teleportitis 1, weak 1
}: 3/15 runes: serpentine, barnacled, silver
a: Berserk, Trog's Hand, Brothers in Arms, Burn Spellbooks, Renounce Religion


You were on level 1 of the Realm of Zot.
You worshipped Trog.
Trog was exalted by your worship.
You were not hungry.

You visited 9 branches of the dungeon, and saw 45 of its levels.
You visited the Abyss 3 times.
You also visited: Ice Cave.

You collected 7253 gold pieces.
You spent 1660 gold pieces at shops.

Inventory:

Hand Weapons
 s - a +9 demon whip of electrocution (weapon)
 N - a +4 demon whip of venom
 W - a +9 antimagic demon whip
Armour
 g - a +0 pair of gloves (worn)
 l - +1 gold dragon scales (worn)
 m - the +2 faerie dragon scales {rC+ Regen+ rCorr}
   (You took it off the Enchantress on level 4 of the Depths)

   It protects you from cold.
   It increases your rate of regeneration.
   It protects you from acid and corrosion.
 J - a +1 cloak (worn)
 Q - a +2 hat (worn)
 S - a +8 large shield (worn)
 X - the -2 pair of boots of the Seven Tables (worn) {Regen+ Str+7 Dex-3 Slay+6}
   (You acquired it on level 1 of the Elven Halls)

   It affects your strength (+7).
   It affects your dexterity (-3).
   It affects your accuracy and damage with ranged weapons and melee attacks
   (+6).
   It increases your rate of regeneration.
Jewellery
 t - an uncursed ring of positive energy
 u - a ring of see invisible (left hand)
 v - the ring of Ceniosch {rN++ Str+3 Dex-3 Stlth+}
   (You found it on level 5 of the Vaults)

   [ring of stealth]

   It affects your strength (+3).
   It affects your dexterity (-3).
   It greatly protects you from negative energy.
   It makes you more stealthy.
 K - the ring "Gismaxir" (right hand) {rN+ Dex+6 Slay+5}
   (You acquired it on level 6 of the Lair of Beasts)

   [ring of positive energy]

   It affects your dexterity (+6).
   It affects your accuracy and damage with ranged weapons and melee attacks
   (+5).
   It protects you from negative energy.
 L - an uncursed ring of protection from fire
 O - an uncursed ring of protection from cold
 T - an uncursed ring of resist corrosion
 U - an amulet of faith (around neck)
Wands
 b - a wand of disintegration (15)
 d - a wand of enslavement (28)
 i - a wand of flame (165)
 z - a wand of polymorph (43)
 B - a wand of scattershot (22)
 C - a wand of acid (24)
 H - a wand of paralysis (63)
 Z - a wand of iceblast (10)
Scrolls
 j - a scroll of holy word
 k - 29 scrolls of remove curse
 o - 8 scrolls of fear
 q - 13 scrolls of immolation
 r - 5 scrolls of blinking
 y - 2 scrolls of torment
 A - 13 scrolls of magic mapping
 E - 2 scrolls of brand weapon
 G - 9 scrolls of teleportation
 I - a scroll of silence
 P - 2 scrolls of summoning
 R - 5 scrolls of identify
Potions
 a - 8 potions of agility
 e - 8 potions of might
 f - a potion of resistance
 h - 3 potions of haste
 n - 10 potions of curing
 w - 12 potions of flight
 D - 3 potions of mutation
 V - 7 potions of cancellation
Comestibles
 c - 98 rations
 x - 4 chunks of flesh


   Skills:
 - Level 25.1 Fighting
 - Level 14.0 Maces & Flails
 - Level 23.0 Armour
 * Level 24.6 Dodging
 - Level 25.0 Shields
 - Level 4.2 Evocations


You had 24 spell levels left.
You didn't know any spells.

Dungeon Overview and Level Annotations

Branches:
Dungeon (15/15)            Temple (0/1) D:4            Lair (6/6) D:8
 Shoals (4/4) Lair:4        Snake (4/4) Lair:2        Slime (0/5) Lair:6
    Orc (2/2) D:12            Elf (3/3) Orc:2        Vaults (5/5) D:14
  Crypt (0/3) Vaults:3     Depths (5/5) D:15            Zot (1/5) Depths:5

Altars:
Cheibriados
Dithmenos
Nemelex Xobeh
Okawaru
Ru
Sif Muna
Trog
Uskayaw
Vehumet
Yredelemnul
Jiyva

Shops:
D:4 [   D:11 }   D:13 %   Orc:1 [   Orc:2 [*=([*=([   Elf:2 (   Elf:3 %
Snake:4 ?!*=   Vaults:2 ((*?   Vaults:3 *   Vaults:4 [   Vaults:5 [
Depths:1 %

Portals:
Hell: Depths:1 Depths:2 Depths:3 Depths:4 Depths:5
Abyss: Depths:1 Depths:4
Pandemonium: Depths:3 Depths:5
Ziggurat: Depths:5


Innate Abilities, Weirdness & Mutations

You reflexively headbutt those who attack you in melee.
You have a pair of horns on your head.
You have sharp toenails.
You often lose your temper in combat.
Scrolls take you a little longer to read.
You are clumsy. (Dex -2)
Your body often deteriorates upon taking damage.
You are very dopey. (Int -4)
You do not regenerate when monsters are visible.
You are occasionally teleported next to monsters.
You are weak. (Str -2)


Message History

You block the white draconian shifter's attack.
Unknown command.
You barely miss the white draconian shifter.
You headbutt the white draconian shifter!
You kill the white draconian shifter!
Trog accepts your kill.
Trog appreciates your killing of a magic user.
The orb of fire emits a lurid red light.
The fireball explodes!
The fireball engulfs you! You resist.
* * * LOW HITPOINT WARNING * * *
The fireball engulfs the orb of fire.
The orb of fire completely resists.
The fireball engulfs the orb of fire.
The orb of fire completely resists.
You hear a roar!
Really read with blurry vision while enemies are nearby?
Okay, then.
Really read with blurry vision while enemies are nearby?
You almost manage to decipher the scroll, but fail in this attempt.
The orb of fire glows yellow.
The bolt of fire hits you! You resist.
You die...

..#8.8#...
#.#...#.#
#.....q.#
#.....#
#.[...#
##...##
##)##
#)**#
#.@.#
#8©8#
#####
#⌠_⌠#
#:::#


+:=[' ##### ##### #+## #.§.# You could see 2 orbs of fire and a purple draconian
annihilator.

Vanquished Creatures
  2 ancient liches
  Saint Roka (Snake:2)
  2 golden dragons
  Jory (Depths:4)
  the Enchantress (Depths:4)
  4 bone dragons
  4 liches
  The ghost of eyesofgods1 the Warrior, an adept DsFi of Uskayaw (Shoals:4)
  Rupert (D:12)
  8 tentacled monstrosities
  A quicksilver dragon (Vaults:5)
  3 deep elf blademasters
  2 deep elf master archers (Elf:3)
  A titan (Vaults:5)
  The ghost of shugdite the Hoplite, an adept MiFi of Okawaru (Depths:1)
  4 sphinxes
  3 krakens
  An eldritch tentacle (Vaults:1)
  A tentacled starspawn (Abyss:4)
  A thorn hunter (Abyss:4)
  Agnes (D:15)
  A draconian monk (Zot:1)
  The ghost of nicolaieve the Tortoise, an adept MiBe of Trog (Snake:1)
  9 shadow dragons
  The ghost of Rwicked the Marksminotaur, an adept MiBe of Trog (Shoals:2)
  6 tengu reavers
  8 nagarajas
  2 storm dragons
  5 fire giants
  Ilsuiw (Shoals:4)
  2 azure jellies (Vaults:1)
  A draconian knight (Zot:1)
  8 frost giants
  2 iron dragons
  18 vault wardens
  2 orc warlords
  4 draconian shifters
  6 deep elf sorcerers
  2 balrugs
  3 deep elf elementalists (Elf:3)
  The ghost of Madoushi the Severer, a journeyman MiBe of Trog (Lair:4)
  19 ironheart preservers
  2 draconian scorchers (Zot:1)
  3 draconian stormcallers
  7 caustic shrike skeletons
  21 stone giants
  17 very ugly things
  A reaper (Depths:5)
  5 spriggan defenders (Depths:4)
  2 war gargoyles (Vaults:5)
  An entropy weaver (Vaults:5)
  A green draconian (Depths:5)
  16 deep elf demonologists
  3 vampire knights
  A dire elephant (Depths:4)
  2 white draconians (Zot:1)
  14 deep elf annihilators
  3 purple draconians (Depths:5)
  A red draconian (Depths:5)
  6 merfolk javelineers (Shoals:4)
  6 deep elf death magi
  4 fire dragons
  13 ettins
  A minotaur (shapeshifter) (Depths:2)
  8 merfolk impalers
  3 great orbs of eyes
  Josephine (Shoals:1)
  18 ogre magi
  6 yaktaur captains
  Harold (D:11)
  A deep elf high priest (Elf:1)
  7 ice dragons
  6 spriggan air magi
  13 rakshasas
  26 vault guards
  A hydra (shapeshifter) (Depths:5)
  3 ghost crabs (Vaults:1)
  21 naga warriors
  8 anacondas
  A merfolk avatar (Shoals:2)
  2 death knights
  The ghost of Sermion the Cleaver, a novice MiBe of Trog (D:9)
  11 centaur warriors
  11 hydras
  A vampire mage (Depths:3)
  48 two-headed ogres
  7 death yaks
  A satyr (Shoals:2)
  The ghost of Madoushi the Basher, a journeyman GrFi of Okawaru (D:8)
  A catoblepas (Lair:6)
  21 deep troll shamans
  30 dancing weapons
  6 merfolk aquamancers
  A queen ant (shapeshifter) (Depths:3)
  8 tengu warriors
  3 thrashing horrors
  A storm dragon zombie (Depths:3)
  13 hell knights
  13 deep troll earth magi
  4 shock serpents
  13 naga sharpshooters
  12 spriggan berserkers
  5 orc high priests
  Sonja (Lair:1)
  13 iron trolls
  A fire crab (shapeshifter) (Vaults:5)
  3 sun demons
  31 deep elf knights
  A torturous demonspawn (Depths:5)
  2 salamander mystics
  3 wretched stars
  7 skeletal warriors (Vaults:3)
  6 unseen horrors
  7 spriggan druids (Depths:4)
  An infernal demonspawn (Depths:5)
  36 deep trolls
  3 glowing orange brains
  2 flayed ghosts (Vaults:5)
  A swamp dragon (shapeshifter) (Depths:5)
  19 deep elf archers
  5 naga ritualists
  13 sea snakes
  10 ironbrand convokers
  A glowing orange brain (shapeshifter) (Vaults:5)
  3 wizards (Vaults:1)
  7 necromancers
  17 orc knights
  23 harpies
  A harpy (shapeshifter) (Abyss:4)
  9 orc sorcerers
  4 mana vipers
  2 wolf spiders (Vaults:1)
  56 deep elf magi
  12 cyclopes
  24 slime creatures
  4 worldbinders (Abyss:4)
  A cyclops (shapeshifter) (Depths:5)
  A mana viper (shapeshifter) (Vaults:5)
  35 ugly things
  A salamander (shapeshifter) (Vaults:4)
  4 elephants (Lair:6)
  5 tengu skeletons
  3 frost giant zombies
  11 salamanders
  12 fauns
  Joseph (D:10)
  A moth of wrath (Zot:1)
  8 human skeletons
  A sphinx skeleton (Vaults:3)
  8 manticores
  An apocalypse crab (Abyss:2)
  7 merfolk sirens
  A stone giant skeleton (Vaults:3)
  3 water nymphs
  6 ice statues
  18 naga magi
  24 black mambas
  2 smoke demons (Abyss:2)
  A black mamba (shapeshifter) (Depths:2)
  Psyche (D:12)
  6 large abominations
  3 gargoyles
  14 vault sentinels
  The ghost of Agrougrou the Shield-Bearer, a novice FoFi (D:4)
  2 torpor snails (Lair:6)
  3 guardian serpents
  A kobold demonologist (D:14)
  A spiny frog (shapeshifter) (Vaults:3)
  7 spiny frogs
  The ghost of Agrougrou the Chiller, a novice GnWn of Qazlal (D:6)
  An orange demon (Depths:5)
  61 yaktaurs
  4 komodo dragons
  14 freezing wraiths
  4 rime drakes
  An anaconda simulacrum (Vaults:1)
  A hellwing (Abyss:4)
  A yaktaur (shapeshifter) (Vaults:4)
  An efreet (D:13)
  An ancient zyme (Abyss:4)
  3 tengu conjurers
  A yaktaur skeleton (Vaults:3)
  20 merfolk
  6 polar bears (Lair:6)
  11 trolls
  6 wind drakes
  2 jumping spiders (Vaults:1)
  28 hornets
  A meliai (shapeshifter) (Vaults:3)
  A golden dragon simulacrum (Vaults:1)
  A wind drake (shapeshifter) (Vaults:3)
  17 blink frogs
  A hornet (shapeshifter) (Vaults:2)
  8 snapping turtles
  A slime creature (shapeshifter) (Vaults:5)
  4 raiju
  8 hippogriffs
  A dream sheep (Lair:6)
  A frost giant simulacrum (Vaults:2)
  6 flying skulls (Abyss:2)
  A hippogriff (shapeshifter) (Vaults:4)
  A centaur simulacrum (D:15)
  Sigmund (D:5)
  A vampire (D:15)
  A ynoxinul (Abyss:2)
  4 air elementals
  Eustachio (D:6)
  3 redbacks (Vaults:5)
  4 wraiths
  57 spriggans
  2 shadows
  3 wyverns
  22 yaks
  3 yaks (shapeshifter)
  13 water elementals
  A tarantella (shapeshifter) (Depths:1)
  A basilisk (shapeshifter) (Vaults:2)
  A human (shapeshifter) (Vaults:4)
  A human (D:10)
  3 hungry ghosts
  5 neqoxecs (Abyss:4)
  3 basilisks
  A steam dragon (shapeshifter) (Depths:3)
  2 fire elementals
  A steam dragon (D:11)
  A chaos spawn (Depths:5)
  3 vampire mosquitoes (D:14)
  5 wargs
  Edmund (D:6)
  A deep troll zombie (Vaults:4)
  A harpy simulacrum (Vaults:1)
  3 acid dragons
  2 soldier ants
  4 insubstantial wisps (Abyss:4)
  2 spatial vortices (Vaults:1)
  74 nagas
  5 small abominations
  14 water moccasins
  A floating eye (shapeshifter) (Depths:4)
  7 porcupines
  11 ice beasts
  Duvessa (D:6)
  A deep troll skeleton (Vaults:3)
  2 human zombies
  3 black bears
  A fire dragon simulacrum (Vaults:1)
  5 sky beasts
  The ghost of Sermion the Chopper, an amateur MiBe of Trog (D:3)
  2 hornet zombies (D:15)
  69 orc warriors
  3 phantoms
  An eye of draining (D:11)
  2 necrophages (D:8)
  30 wolves (Lair:6)
  36 ogres
  2 black mamba simulacra (Vaults:1)
  18 boggarts
  18 centaurs
  13 crocodiles
  5 big kobolds
  Blork the orc (D:6)
  16 bullfrogs
  4 earth elementals
  Dowan (D:6)
  2 glowing shapeshifter simulacra (Vaults:1)
  A wyvern skeleton (D:9)
  6 scorpions
  An elephant simulacrum (Vaults:1)
  An elf simulacrum (Vaults:4)
  3 human simulacra
  6 killer bees (D:12)
  18 wights
  2 electric eels
  5 howler monkeys
  7 crimson imps
  12 starcursed masses (Abyss:4)
  2 quasits (D:11)
  A bullfrog zombie (D:11)
  3 centaur zombies
  25 orc priests
  6 jellies
  4 hounds
  4 centaur skeletons
  An iron imp (Depths:3)
  Crazy Yiuf (D:6)
  3 bullfrog skeletons
  4 iguanas
  8 worker ants
  32 orc wizards
  A worker ant zombie (D:5)
  8 gnolls
  11 adders
  2 naga simulacra (Vaults:1)
  4 shadow imps
  A white imp (Depths:5)
  2 oozes
  2 adder skeletons
  2 worms
  5 dart slugs
  7 leopard geckos
  121 orcs
  A ball python (D:1)
  2 giant cockroaches
  15 hobgoblins
  3 jackals (D:5)
  34 kobolds
  4 quokkas
  9 bats
  4 frilled lizards
  7 goblins
  A jackal skeleton (D:7)
  A quokka skeleton (D:5)
  A quokka zombie (D:7)
  6 rats
  A bush (Lair:3)
  2 macabre masses (Vaults:1)
  2 plants
  9 tentacles
2285 creatures vanquished.

Vanquished Creatures (others)
  A ghost moth (Zot:1)
  An ogre mage (Vaults:2)
  A dancing weapon (Elf:3)
  4 yaktaurs (Vaults:2)
  A boggart (Depths:3)
  An orc wizard (Elf:1)
  5 orcs (Elf:1)
  2 briar patches (Abyss:4)
  2 bushes (Lair:6)
  18 fungi
  14 plants
  6 starspawn tentacles
  24 tentacles
80 creatures vanquished.

Grand Total: 2365 creatures vanquished

Notes
Turn   | Place    | Note
-------+----------+-------------------------------------------
     0 | D:1      | nicolaieve the Minotaur Berserker began the quest for the Orb.
     0 | D:1      | Reached XP level 1. HP: 19/19 MP: 0/0
   298 | D:1      | Reached XP level 2. HP: 21/26 MP: 1/1
   477 | D:1      | Reached skill level 5 in Maces & Flails
   538 | D:1      | Reached ** piety under Trog
   550 | D:1      | Reached XP level 3. HP: 31/31 MP: 2/2
  1209 | D:2      | Reached XP level 4. HP: 39/39 MP: 3/3
  1643 | D:3      | Noticed Sermion's ghost (amateur MiBe)
  1654 | D:3      | Killed Sermion's ghost
  1654 | D:3      | Reached XP level 5. HP: 45/45 MP: 4/4
  1818 | D:3      | Reached *** piety under Trog
  2081 | D:4      | Noticed Agrougrou's ghost (novice FoFi)
  2088 | D:4      | Killed Agrougrou's ghost
  2088 | D:4      | Reached XP level 6. HP: 51/51 MP: 5/5
  2088 | D:4      | Reached XP level 7. HP: 57/57 MP: 6/6
  2255 | D:4      | Found Witauly's Armour Shoppe.
  2262 | D:4      | Bought a +0 buckler for 54 gold pieces
  2363 | D:4      | Reached skill level 10 in Maces & Flails
  2385 | D:4      | Reached skill level 1 in Shields
  2440 | D:4      | Found a sparkling altar of Nemelex Xobeh.
  2607 | D:4      | Found a staircase to the Ecumenical Temple.
  2790 | D:5      | Entered Level 5 of the Dungeon
  3074 | D:5      | Reached XP level 8. HP: 58/64 MP: 7/7
  3223 | D:5      | Noticed Sigmund
  3236 | D:5      | Killed Sigmund
  3419 | D:5      | Found an iron altar of Okawaru.
  3611 | D:6      | Noticed Blork the orc
  3611 | D:6      | Noticed Duvessa
  3611 | D:6      | Noticed Dowan
  3616 | D:6      | Killed Blork the orc
  3629 | D:6      | Killed Duvessa
  3639 | D:6      | Killed Dowan
  3693 | D:6      | Reached **** piety under Trog
  3703 | D:6      | Noticed Agrougrou's ghost (novice GnWn)
  3715 | D:6      | Killed Agrougrou's ghost
  3715 | D:6      | Reached skill level 5 in Fighting
  3715 | D:6      | Reached skill level 5 in Armour
  3740 | D:6      | Found a sacrificial altar of Ru.
  3792 | D:6      | Reached XP level 9. HP: 70/74 MP: 8/8
  3933 | D:6      | Noticed Eustachio
  3959 | D:6      | Killed Eustachio
  4003 | D:6      | Noticed Edmund
  4032 | D:6      | Killed Edmund
  4257 | D:6      | Found a runed door.
  4326 | D:6      | Noticed Crazy Yiuf
  4337 | D:6      | Killed Crazy Yiuf
  5101 | D:8      | Noticed Madoushi's ghost (journeyman GrFi)
  5121 | D:8      | Killed Madoushi's ghost
  5121 | D:8      | Reached skill level 5 in Dodging
  5121 | D:8      | Reached XP level 10. HP: 86/86 MP: 9/9
  5170 | D:8      | Found a snail-covered altar of Cheibriados.
  5199 | D:8      | Noticed a two-headed ogre
  5206 | D:8      | Killed a two-headed ogre
  5404 | D:8      | Noticed a two-headed ogre
  5411 | D:8      | Killed a two-headed ogre
  5411 | D:8      | Reached ***** piety under Trog
  5592 | D:8      | Noticed a two-headed ogre
  5607 | D:8      | Found a staircase to the Lair.
  5726 | D:8      | Reached skill level 10 in Armour
  5791 | D:8      | Received a gift from Trog
  5942 | D:8      | Killed a two-headed ogre
  6078 | D:9      | Noticed Sermion's ghost (novice MiBe)
  6100 | D:9      | Killed Sermion's ghost
  6100 | D:9      | Reached skill level 10 in Fighting
  6107 | D:9      | Found a radiant altar of Vehumet.
  6371 | D:9      | Reached XP level 11. HP: 100/100 MP: 10/10
  6955 | D:10     | Entered Level 10 of the Dungeon
  6955 | D:10     | Noticed an unseen horror
  6965 | D:10     | Killed an unseen horror
  7053 | D:10     | Noticed Joseph
  7056 | D:10     | Paralysed by Joseph for 3 turns
  7072 | D:10     | Killed Joseph
  7168 | D:10     | Found a runed door.
  7171 | D:10     | Found a basalt altar of Yredelemnul.
  7437 | D:10     | Noticed a two-headed ogre
  7440 | D:10     | Killed a two-headed ogre
  7561 | D:10     | Noticed a two-headed ogre
  7576 | D:10     | Killed a two-headed ogre
  8335 | D:11     | Noticed Harold
  8390 | D:11     | Killed Harold
  8689 | D:11     | Noticed a purple ugly thing
  8691 | D:11     | Noticed a red ugly thing
  8699 | D:11     | Killed a purple ugly thing
  8710 | D:11     | Killed a red ugly thing
  8966 | D:11     | Found Waoge's Gadget Shoppe.
  9133 | D:12     | Noticed Rupert
  9149 | D:12     | Killed Rupert
  9149 | D:12     | Reached XP level 12. HP: 110/115 MP: 11/11
  9177 | D:12     | Noticed Psyche
  9182 | D:12     | Paralysed by Psyche for 4 turns
  9189 | D:12     | Killed Psyche
  9208 | D:12     | Found a staircase to the Orcish Mines.
  9283 | D:12     | Received a gift from Trog
  9443 | D:12     | Noticed a two-headed ogre
  9453 | D:12     | Killed a two-headed ogre
 10390 | Lair:1   | Entered Level 1 of the Lair of Beasts
 10518 | Lair:1   | Noticed a seven-headed hydra
 10524 | Lair:1   | Killed a seven-headed hydra
 10524 | Lair:1   | Reached skill level 15 in Fighting
 10562 | Lair:1   | Noticed Sonja
 10574 | Lair:1   | Cast into level 2 of the Abyss (Sonja)
 10599 | Abyss:2  | Noticed a tentacled starspawn
 10641 | Abyss:2  | Found a corrupted altar of Lugonu.
 10782 | Abyss:2  | Noticed a starcursed mass
 10863 | Abyss:2  | Reached XP level 13. HP: 89/126 MP: 12/12
 10899 | Abyss:2  | Noticed a starcursed mass
 10977 | Abyss:2  | Noticed a bone dragon
 11106 | Abyss:2  | Noticed a balrug
 11118 | Abyss:2  | Killed a balrug
 11118 | Abyss:2  | Reached skill level 15 in Armour
 11135 | Lair:1   | Escaped the Abyss
 11153 | Lair:1   | HP: 6/126 [acid (13)]
 11158 | Lair:1   | Cast into level 2 of the Abyss (Sonja)
 11160 | Abyss:2  | Found a corrupted altar of Lugonu.
 11170 | Abyss:2  | Reached skill level 10 in Dodging
 11178 | Abyss:2  | Found a corrupted altar of Lugonu.
 11190 | Lair:1   | Escaped the Abyss
 12138 | Lair:2   | Found a staircase to the Snake Pit.
 13903 | Lair:4   | Found a staircase to the Shoals.
 14149 | Lair:4   | Noticed Madoushi's ghost (journeyman MiBe)
 14164 | Lair:4   | Killed Madoushi's ghost
 15314 | Lair:6   | Entered Level 6 of the Lair of Beasts
 15342 | Lair:6   | Reached XP level 14. HP: 133/137 MP: 13/13
 15502 | Lair:6   | Found a staircase to the Slime Pits.
 15502 | Lair:6   | Found a viscous altar of Jiyva.
 15540 | Lair:6   | Identified a scroll of acquirement
 15542 | Lair:6   | Got a shimmering brass ring
 15544 | Lair:6   | Identified the ring "Gismaxir" {rN+ Dex+6 Slay+5} (You acquired it on level 6 of the Lair of Beasts)
 15560 | Lair:6   | Received a gift from Trog
 15841 | Lair:6   | Reached skill level 1 in Evocations
 16404 | Lair:6   | Found a snail-covered altar of Cheibriados.
 17088 | Lair:1   | Killed Sonja
 17327 | D:13     | Received a gift from Trog
 17384 | D:13     | Found Dymm's Food Shop.
 17433 | Orc:1    | Entered Level 1 of the Orcish Mines
 17456 | Orc:1    | Reached ****** piety under Trog
 17466 | Orc:1    | Received a gift from Trog
 17596 | Orc:2    | Entered Level 2 of the Orcish Mines
 17602 | Orc:1    | Found Tamaso's Armour Boutique.
 17612 | Orc:1    | Received a gift from Trog
 17673 | Orc:1    | Found a frozen archway.
 17681 | IceCv    | Entered an ice cave
 17742 | IceCv    | Reached XP level 15. HP: 108/148 MP: 16/16
 18109 | Orc:2    | Found Emoikkoz's General Store.
 18113 | Orc:2    | Bought a scroll of identify for 30 gold pieces
 18192 | Orc:2    | Found Unej's Armour Shoppe.
 18193 | Orc:2    | Found Oqaupt's Jewellery Boutique.
 18401 | Orc:2    | Received a gift from Trog
 18475 | Orc:2    | Found Lofidghet's Armour Emporium.
 18815 | Orc:2    | Received a gift from Trog
 18822 | Orc:2    | Noticed an orc warlord
 18844 | Orc:2    | Killed an orc warlord
 18991 | Orc:2    | Found Duroetra's Antique Armour Shoppe.
 18992 | Orc:2    | Found Longuak's Antique Weapon Shoppe.
 18993 | Orc:2    | Found Zilaups's General Store.
 18993 | Orc:2    | Found Qid Baw Jei's Jewellery Emporium.
 18997 | Orc:2    | Bought 2 scrolls of identify for 64 gold pieces
 18997 | Orc:2    | Bought a scroll of identify for 32 gold pieces
 19156 | Orc:2    | Found a staircase to the Elven Halls.
 19166 | Orc:2    | Found Civennops's Antique Weapon Boutique.
 20048 | D:13     | Received a gift from Trog
 20796 | D:14     | Found a gate to the Vaults.
 21150 | D:15     | Entered Level 15 of the Dungeon
 21175 | D:15     | Received a gift from Trog
 21212 | D:15     | Found a staircase to the Depths.
 21331 | D:15     | Found a shadowy altar of Dithmenos.
 21423 | D:15     | Reached XP level 16. HP: 160/161 MP: 18/18
 21457 | D:15     | Noticed Agnes
 21465 | D:15     | Killed Agnes
 22095 | Shoals:1 | Entered Level 1 of the Shoals
 22128 | Shoals:1 | Reached skill level 5 in Shields
 22142 | Shoals:1 | Received a gift from Trog
 22172 | Shoals:1 | Noticed Josephine
 22187 | Shoals:1 | Killed Josephine
 22772 | Shoals:1 | Noticed a kraken
 22808 | Shoals:1 | Killed a kraken
 22910 | Shoals:1 | Noticed a kraken
 22933 | Shoals:1 | Killed a kraken
 22933 | Shoals:1 | Reached skill level 10 in Shields
 23730 | Shoals:2 | Noticed Rwicked's ghost (adept MiBe)
 23763 | Shoals:2 | Killed Rwicked's ghost
 23954 | Shoals:3 | Noticed a kraken
 23968 | Shoals:3 | Killed a kraken
 24101 | Shoals:3 | Received a gift from Trog
 24632 | Shoals:4 | Entered Level 4 of the Shoals
 24632 | Shoals:4 | Found a hide-covered altar of Uskayaw.
 24656 | Shoals:4 | Noticed Ilsuiw
 24678 | Shoals:4 | Reached XP level 17. HP: 128/169 MP: 19/19
 24709 | Shoals:4 | Killed Ilsuiw
 24981 | Shoals:4 | Noticed eyesofgods1's ghost (adept DsFi)
 25019 | Shoals:4 | Killed eyesofgods1's ghost
 25019 | Shoals:4 | Received a gift from Trog
 25714 | Shoals:4 | Reached skill level 15 in Shields
 25819 | Shoals:4 | Got a barnacled rune of Zot
 25879 | Shoals:4 | Received a gift from Trog
 26521 | Vaults:1 | Entered Level 1 of the Vaults
 26707 | Vaults:1 | Got a clouded iron ring
 26716 | Vaults:1 | Identified the ring of Lucidity {+Blink rC+ Int+2 Dex-3} (You found it on level 1 of the Vaults)
 26806 | Vaults:1 | Noticed a bone dragon
 26827 | Vaults:1 | Killed a bone dragon
 26863 | Vaults:1 | Identified the Compendium of Darkness
 26974 | Vaults:1 | Received a gift from Trog
 26975 | Vaults:1 | Found the +8 trident of the Octopus King {venom, rElec rPois MR+}
 27021 | Vaults:1 | Identified Sif Muna's Handbook of Displacement
 27216 | Vaults:1 | Noticed a Brimstone Fiend
 27536 | Vaults:1 | Received a gift from Trog
 27540 | Vaults:1 | Reached XP level 18. HP: 178/178 MP: 20/20
 27892 | Vaults:1 | Received a gift from Trog
 28194 | Vaults:1 | Identified Kuocreog's Volume of the Glacier
 28345 | Vaults:2 | Found Liyt Asa's Assorted Antiques.
 28548 | Vaults:2 | Received a gift from Trog
 29015 | Vaults:2 | Received a gift from Trog
 29223 | Vaults:2 | Found Byroa's Antique Weapon Emporium.
 29454 | Vaults:2 | Reached XP level 19. HP: 184/184 MP: 21/21
 29458 | Vaults:2 | Received a gift from Trog
 29538 | Vaults:2 | Found Lekhlecs's Weapon Shoppe.
 29651 | Vaults:2 | Found Neozoc's Magic Scroll Emporium.
 30346 | Vaults:3 | Received a gift from Trog
 30768 | Vaults:3 | Found Wiasybit's General Store.
 30911 | Vaults:3 | Identified Aforeen's Almanac of Earthen Talismans
 30975 | Vaults:3 | Received a gift from Trog
 31053 | Vaults:3 | Found a staircase to the Crypt.
 31308 | Vaults:4 | Paralysed by an ogre mage for 2 turns
 31494 | Vaults:4 | Received a gift from Trog
 31777 | Vaults:4 | Paralysed by an ogre mage for 5 turns
 32118 | Vaults:4 | Reached XP level 20. HP: 193/193 MP: 22/22
 32237 | Vaults:4 | Received a gift from Trog
 32402 | Vaults:4 | Found Bujasieg's Armour Shoppe.
 33198 | Depths:1 | Entered Level 1 of the Depths
 33262 | Depths:1 | Received a gift from Trog
 33435 | Depths:1 | Found Ighime Linn's Food Boutique.
 33455 | Depths:1 | Noticed shugdite's ghost (adept MiFi)
 33488 | Depths:1 | Killed shugdite's ghost
 33522 | Depths:1 | Found a gateway to Hell.
 33530 | Depths:1 | Found a one-way gate to the infinite horrors of the Abyss.
 34015 | Depths:1 | Received a gift from Trog
 34377 | Depths:2 | Found the +6 shillelagh "Devastator" {shatter}
 34856 | Depths:2 | Reached XP level 21. HP: 201/206 MP: 23/23
 35508 | Depths:3 | Found a one-way gate leading to the halls of Pandemonium.
 35574 | Depths:3 | Received a gift from Trog
 35738 | Depths:3 | Noticed a golden dragon
 36121 | Depths:3 | Received a gift from Trog
 36175 | Depths:3 | Killed a golden dragon
 36211 | Depths:3 | Found an iron altar of Okawaru.
 36391 | Depths:3 | Noticed an ancient lich
 36404 | Depths:3 | Killed an ancient lich
 37511 | Depths:4 | Noticed Jory
 37525 | Depths:4 | Killed Jory
 37570 | Depths:4 | Received a gift from Trog
 37851 | Depths:4 | Found a bloodstained altar of Trog.
 38163 | Depths:4 | Reached XP level 22. HP: 207/222 MP: 24/24
 38418 | Depths:4 | Received a gift from Trog
 38521 | Depths:4 | Noticed the Enchantress
 38529 | Depths:4 | Killed the Enchantress
 38549 | Depths:4 | Got faerie dragon scales
 38560 | Depths:4 | Identified the +2 faerie dragon scales {rC+ Regen+ rCorr} (You took it off the Enchantress on level 4 of the Depths)
 38579 | Depths:4 | Got an encrusted hat
 38602 | Depths:4 | Identified the cursed +0 hat of Action {rPois rC+ MR+ Dex-5} (You found it on level 4 of the Depths)
 38991 | Depths:4 | Reached skill level 15 in Dodging
 39213 | Depths:5 | Entered Level 5 of the Depths
 39230 | Depths:5 | Paralysed by a vampire knight for 3 turns
 39283 | Depths:5 | Received a gift from Trog
 39971 | Depths:5 | Found a gateway to a ziggurat.
 40119 | Depths:5 | Found a gate to the Realm of Zot.
 40342 | Depths:5 | Received a gift from Trog
 41120 | Snake:1  | Entered Level 1 of the Snake Pit
 41449 | Snake:1  | Noticed nicolaieve's ghost (adept MiBe)
 41470 | Snake:1  | Killed nicolaieve's ghost
 41978 | Snake:2  | Received a gift from Trog
 42177 | Snake:2  | Reached XP level 23. HP: 226/234 MP: 25/25
 42231 | Snake:2  | Noticed Saint Roka
 42246 | Snake:2  | Killed Saint Roka
 42513 | Snake:2  | You fall through a shaft!
 42624 | Snake:3  | Received a gift from Trog
 43271 | Snake:3  | Received a gift from Trog
 43400 | Snake:4  | Entered Level 4 of the Snake Pit
 43666 | Snake:4  | Received a gift from Trog
 43820 | Snake:4  | Found Xuppec's Assorted Antiques.
 43821 | Snake:4  | Found Geylouq's Jewellery Shoppe.
 43821 | Snake:4  | Found Pauts's Magic Scroll Emporium.
 43827 | Snake:4  | Found Jiclall's Distillery.
 43829 | Snake:4  | Bought a viscous red potion for 35 gold pieces
 43829 | Snake:4  | Bought a scroll of teleportation for 117 gold pieces
 43829 | Snake:4  | Bought a viscous red potion for 35 gold pieces
 43836 | Snake:4  | Bought a potion of curing for 33 gold pieces
 43840 | Snake:4  | Bought a scroll of blinking for 135 gold pieces
 43840 | Snake:4  | Bought a scroll of teleportation for 54 gold pieces
 43840 | Snake:4  | Bought a scroll of acquirement for 936 gold pieces
 43840 | Snake:4  | Bought a scroll of blinking for 135 gold pieces
 44150 | Snake:4  | Got a jewelled flail {god gift}
 44151 | Snake:4  | Identified the +9 flail of Genti {drain, rF++} (Trog gifted it to you on level 4 of the Snake Pit)
 44319 | Snake:4  | Received a gift from Trog
 44405 | Snake:4  | Got a serpentine rune of Zot
 44807 | Elf:1    | Entered Level 1 of the Elven Halls
 45447 | Elf:1    | Received a gift from Trog
 45558 | Elf:1    | Got a pair of warped boots
 45569 | Elf:1    | Identified the -2 pair of boots of the Seven Tables {Regen+ Str+7 Dex-3 Slay+6} (You acquired it on level 1 of the Elven Halls)
 45743 | Elf:2    | Found Nethreesch's Weapon Shoppe.
 45903 | Elf:2    | Found a runed gate.
 45903 | Elf:2    | Found a runed gate.
 45903 | Elf:2    | Found a runed gate.
 45958 | Elf:2    | Received a gift from Trog
 46441 | Elf:2    | Received a gift from Trog
 46678 | Elf:3    | Entered Level 3 of the Elven Halls
 46695 | Elf:3    | Reached XP level 24. HP: 237/242 MP: 25/25
 47041 | Elf:3    | Found Ileath's Food Emporium.
 47155 | Elf:3    | Received a gift from Trog
 47193 | Elf:3    | Cast into level 4 of the Abyss (a deep elf sorcerer)
 47198 | Abyss:4  | Gained mutation: You are dopey. (Int -2) [a neqoxec]
 47383 | Abyss:4  | Paralysed by accursed screaming for 2 turns
 47393 | Abyss:4  | Paralysed by accursed screaming for 1 turns
 47501 | Abyss:4  | Lost intelligence.
 47509 | Elf:3    | Escaped the Abyss
 47543 | Elf:3    | Received a gift from Trog
 47552 | Elf:3    | HP: 11/242 [Hell Sentinel[a deep elf demonologist] (16)]
 47565 | Elf:3    | HP: 2/242 [Hell Sentinel/damnation[a deep elf demonologist] (29)]
 48094 | Elf:3    | Received a gift from Trog
 48687 | Vaults:5 | Entered Level 5 of the Vaults
 48895 | Vaults:5 | Paralysed by a great orb of eyes for 2 turns
 48910 | Vaults:5 | Received a gift from Trog
 49178 | Vaults:5 | Got a fine bronze ring
 49227 | Vaults:5 | Reached XP level 25. HP: 236/249 MP: 25/25
 49309 | Vaults:5 | Found Kufesule's Armour Emporium.
 49513 | Vaults:5 | Received a gift from Trog
 49633 | Vaults:5 | Got a silver rune of Zot
 50240 | Vaults:5 | Identified the ring of Ceniosch {rN++ Str+3 Dex-3 Stlth+} (You found it on level 5 of the Vaults)
 50634 | Zot:1    | Entered Level 1 of the Realm of Zot
 50658 | Zot:1    | Received a gift from Trog
 50721 | Zot:1    | Found a transporter.
 50729 | Zot:1    | Found a deep blue altar of Sif Muna.
 50739 | Zot:1    | Noticed an ancient lich
 50740 | Zot:1    | Noticed an orb of fire
 50741 | Zot:1    | Noticed an orb of fire
 50741 | Zot:1    | Gained mutation: You are clumsy. (Dex -2) [an orb of fire]
 50743 | Zot:1    | Gained mutation: You tend to lose your temper in combat. [an orb of fire]
 50745 | Zot:1    | Lost intelligence.
 50745 | Zot:1    | Gained mutation: You are very dopey. (Int -4) [an orb of fire]
 50749 | Zot:1    | Gained mutation: You have sharp toenails. [an orb of fire]
 50753 | Zot:1    | Killed an ancient lich
 50757 | Zot:1    | Gained mutation: You are occasionally teleported next to monsters. [an orb of fire]
 50762 | Zot:1    | Gained mutation: You do not regenerate when monsters are visible. [an orb of fire]
 50764 | Zot:1    | Gained mutation: Your body sometimes deteriorates upon taking damage. [an orb of fire]
 50764 | Zot:1    | Gained mutation: Your body often deteriorates upon taking damage. [an orb of fire]
 50764 | Zot:1    | Gained mutation: You often lose your temper in combat. [an orb of fire]
 50765 | Zot:1    | HP: 11/249 [orb of fire/bolt of fire (17)]
 50766 | Zot:1    | Gained mutation: Scrolls take you a little longer to read. [an orb of fire]
 50769 | Zot:1    | Gained mutation: You are weak. (Str -2) [an orb of fire]
 50778 | Zot:1    | Killed from afar by an orb of fire

Skill      XL: |  1  2  3  4  5  6  7  8  9 10 11 12 13 14 15 16 17 18 19 20 21 22 23 24 25 |
---------------+----------------------------------------------------------------------------+-----
Maces & Flails | 4 5 7 9 11 12 14 | 14.0
Shields        | 2 3 4 13 18 22 24 25 | 25.0
Fighting       | 5 7 10 13 15 16 17 19 21 23 25 | 25.1
Armour         | 5 8 10 12 14 16 17 18 19 21 22 23 | 23.0
Dodging        | 3 5 6 8 9 10 11 12 13 14 15 18 22 24 | 24.6
Evocations     | 3 4 |  4.2

Action                   |  1- 3 |  4- 6 |  7- 9 | 10-12 | 13-15 | 16-18 | 19-21 | 22-24 | 25-27 || total
-------------------------+-------+-------+-------+-------+-------+-------+-------+-------+-------++-------
Melee: Whip              |   113 |   103 |   460 |   966 |   101 |       |       |       |       ||  1743
       Mace              |     3 |       |       |       |       |       |       |       |       ||     3
       Headbutt          |    20 |    25 |   102 |   243 |   398 |   458 |   615 |   618 |   118 ||  2597
       Demon whip        |       |       |       |       |  1211 |  1260 |  1565 |  1855 |   259 ||  6150
       Flail             |       |       |       |       |       |       |       |    12 |       ||    12
Invok: Berserk           |       |     2 |     8 |    18 |    17 |    23 |    14 |    22 |     2 ||   106
       Burn Spellbooks   |       |       |     1 |     2 |     8 |     4 |     2 |    10 |     1 ||    28
       Trog's Hand       |       |       |     1 |     5 |    12 |     9 |     6 |     6 |     1 ||    40
Evoke: Wand              |       |       |       |       |       |    14 |       |       |       ||    14
  Use: Scroll            |       |       |    11 |     8 |    16 |    14 |    12 |    22 |     9 ||    92
       Potion            |       |       |       |     5 |     5 |     4 |     2 |    13 |     6 ||    35
 Stab: Paralysed         |       |       |     1 |       |       |       |       |       |       ||     1
       Distracted        |       |       |       |       |       |     1 |     1 |       |       ||     2
       Confused          |       |       |       |       |       |       |     2 |       |       ||     2
       Invisible         |       |       |       |       |       |       |       |       |     1 ||     1
  Eat: Chunk             |     1 |     4 |    31 |    40 |    57 |    30 |    39 |    40 |     4 ||   246
       Ration            |       |       |       |       |     3 |     4 |     1 |     6 |     1 ||    15
Armor: Animal skin       |     2 |       |       |       |       |       |       |       |       ||     2
       Chain mail        |    37 |       |       |       |       |       |       |       |       ||    37
       Gold dragon scale |    24 |    65 |   181 |   397 |   499 |   468 |   300 |   348 |    36 ||  2318
       Skin              |       |       |       |    10 |       |     4 |       |    31 |       ||    45
Dodge: Dodged            |    46 |    14 |    42 |   209 |   388 |   343 |   257 |   492 |    60 ||  1851
Block: Buckler           |       |       |    44 |   124 |   273 |     7 |       |       |       ||   448
       Large shield      |       |       |       |       |       |  1072 |  1270 |  2084 |   187 ||  4613
       Shield            |       |       |       |       |       |    19 |       |       |       ||    19
